 Dungeon Crawl Stone Soup version 0.21-a0-621-gc60411f (webtiles) character file.

7330 Gaball the Carver (level 10, -4/79 HPs)
             Began as a Demonspawn Abyssal Knight on Dec 23, 2017.
             Was a High Priest of Lugonu.
             Slain by Amnesiac's ghost (12 damage)
             ... on level 2 of the Orcish Mines.
             The game lasted 00:21:42 (9065 turns).

Gaball the Carver (Demonspawn Abyssal Knight)       Turns: 9065, Time: 00:21:42

Health: -4/79      AC: 17    Str: 21    XL:     10   Next: 90%
Magic:  16/16      EV: 11    Int: 10    God:    Lugonu [*****.]
Gold:   943        SH:  0    Dex: 15    Spells: 9/9 levels left

rFire    . . .     SeeInvis .   j - +0 falchion (elec)
rCold    . . .     Gourm    .   (no shield)
rNeg     + . .     Faith    .   K - +2 ring mail of Patterns {rN+ Regen+ Dex+2 Slay+2}
rPois    .         Spirit   .   t - +2 hat {MR+}
rElec    .         Reflect  .   w - +0 cloak
rCorr    .         Harm     .   L - +2 pair of gloves
MR       +++..     Rnd*Rage +   (no boots) Stlth +.........Rnd*Tele +
                                I - necklace of Bloodlust {*Rage +Rage MR++ Int-3 Slay+6 *Curse} (curse)
HPRegen  0.63/turn              u - ring of teleportation (curse)
MPRegen  0.15/turn              (no ring)

@: mighty, berserk cooldown, hasted and slowed
A: hooves 1, icy blue scales 2, foul stench 1, powered by pain 1, rot immunity
a: Depart the Abyss, Bend Space, Banish, Corrupt, Enter the Abyss, Renounce
Religion, Evoke Berserk Rage


You were on level 2 of the Orcish Mines.
You worshipped Lugonu.
Lugonu was extremely pleased with you.
You were hungry.

You visited 2 branches of the dungeon, and saw 11 of its levels.
You visited the Abyss 1 time.
You also visited: Sewer.

You collected 1275 gold pieces.
You spent 332 gold pieces at shops.

Inventory:

Hand Weapons
 a - a +1 falchion
 j - a +0 falchion of electrocution (weapon)
Armour
 b - a +0 leather armour
 g - a +0 pair of gloves
 m - a +0 chain mail
 t - a +2 hat of magic resistance (worn)
 w - a +0 cloak (worn)
 x - the +2 robe of the Kraken {rC+ Str-4 Dex+3}
   (You found it on level 5 of the Dungeon)

   It affects your strength (-4).
   It affects your dexterity (+3).
   It protects you from cold.
 E - a +0 plate armour
 K - the +2 ring mail of Patterns (worn) {rN+ Regen+ Dex+2 Slay+2}
   (You found it on level 7 of the Dungeon)

   It affects your dexterity (+2).
   It affects your accuracy and damage with ranged weapons and melee attacks
   (+2).
   It protects you from negative energy.
   It increases your rate of regeneration.
 L - a +2 pair of gloves (worn)
 T - the +4 chain mail "Xumeer Ducwe" {rPois rF+ rC-}
   (You bought it in a shop on level 1 of the Orcish Mines)

   It protects you from fire.
   It makes you vulnerable to cold.
   It protects you from poison.
Jewellery
 u - a cursed ring of teleportation (left hand)
 v - an uncursed amulet of rage
 I - the cursed necklace of Bloodlust (around neck) {*Rage +Rage MR++ Int-3 Slay+6 *Curse}
   (You found it on level 6 of the Dungeon)

   [amulet of rage]

   It affects your intelligence (-3).
   It affects your accuracy and damage with ranged weapons and melee attacks
   (+6).
   It affects your resistance to hostile enchantments.
   It lets you go berserk.
   It may make you go berserk in combat.
   It curses itself when equipped.
   It has a curse placed upon it.
 O - an uncursed amulet of regeneration {unknown}
 R - an uncursed ring of resist corrosion {unknown}
Wands
 J - a wand of paralysis (4)
 N - a wand of digging (19)
Scrolls
 d - 2 scrolls of teleportation
 f - a scroll of noise {unknown}
 i - 2 scrolls of identify
 n - a scroll of magic mapping {unknown}
 p - 2 scrolls of blinking {unknown}
 q - 3 scrolls of remove curse {unknown}
 r - a scroll of random uselessness {unknown}
 s - 4 scrolls of enchant weapon {unknown}
 F - a scroll of amnesia {unknown}
 M - a scroll of immolation {unknown}
 Q - a scroll of fear {unknown}
 S - a scroll of fog {unknown}
Potions
 h - 2 potions of cancellation {unknown}
 k - 3 potions of mutation
 l - 8 potions of degeneration
 o - 2 potions of curing {unknown}
 z - 2 potions of heal wounds {unknown}
 A - a potion of magic {unknown}
 B - a potion of agility {unknown}
 C - a potion of might {unknown}
 D - a potion of ambrosia {unknown}
 G - 2 potions of brilliance {unknown}
 H - 2 potions of berserk rage {unknown}
 P - a potion of flight {unknown}
Books
 y - a book of Cantrips

   Spells                             Type                      Level
   a - Confusing Touch                Hexes                        1
   b - Animate Skeleton               Necromancy                   1
   c - Summon Small Mammal            Summoning                    1
   d - Apportation                    Translocation                1
Comestibles
 c - 15 rations


   Skills:
 + Level 7.0 Fighting
 + Level 11.8 Long Blades
 + Level 6.0 Armour
 - Level 0.8 Dodging
 - Level 8.2 Invocations


You had 9 spell levels left.
You didn't know any spells.

Dungeon Overview and Level Annotations

Branches:
Dungeon (9/15)             Temple (0/1) D:6             Orc (2/2) D:9
    Elf (0/3) Orc:2
   Lair: D:8-11

Altars:
Elyvilon
Fedhas
Gozag
Kikubaaqudgha
Qazlal
Sif Muna
Trog
Yredelemnul
The Shining One
Beogh

Shops:
Orc:1 [   Orc:2 }(

Annotations:
D:6 exclusion: oklob sapling
Orc:2 Amnesiac's ghost, journeyman DrTm; Maurice


Innate Abilities, Weirdness & Mutations

You have large cloven feet.
You are mostly covered in icy blue scales. (AC +3)
You may emit foul miasma when damaged in melee.
You sometimes gain a little power by taking damage.
You are immune to rotting.


Message History

The orc warrior goes into a battle-frenzy!
The orc priest shouts!
You hear a shout!
The orc priest looks braver for a moment.
The orc warrior hits you from afar with a trident!!
The orc priest looks encouraged for a moment.
An orc wizard comes into view.
It is wielding a dagger of electrocution.
The orc priest looks encouraged for a moment.
Amnesiac's ghost hits you but does no damage.
The orc warrior hits you with a hand axe.
The orc warrior looks sick.
The orc wizard gestures at you while chanting.
You resist with almost no effort.
The orc warrior hits you from afar with a trident!!
* * * LOW HITPOINT WARNING * * *
Amnesiac's ghost hits you!
* * * LOW HITPOINT WARNING * * *
You focus on the pain.
You feel very mighty all of a sudden. Amnesiac's ghost hits you!
You die...

#≈≈.................$..$..
#≈§≈....###..............
#§≈§§§####.#..............
###≈§###...$..............
#≈≈≈....................
≈≈........o...........
≈≈.......o............
≈§......oooo......$...
≈§.....@W.ooo.........
##≈.##..##ohooo.......
#§.##..##.o..........
.........o........
...........o.oo.....
..........oo.T......
....................
≈.................... #≈
##..##h...........


You could see a warg, 8 orc warriors, 2 orc wizards, Amnesiac's ghost and 3
orcs.

Vanquished Creatures
  An ettin (Orc:1)
  The ghost of Amnesiac the Changer, a novice OpTm of Okawaru (D:8)
  Joseph (D:8)
  A hornet (D:8)
  A troll (Orc:1)
  A hippogriff (D:9)
  Sigmund (D:2)
  2 hungry ghosts
  A warg (Orc:1)
  7 orc warriors
  A swamp drake (D:9)
  A sky beast (D:9)
  2 phantoms
  3 ice beasts
  3 ogres
  3 centaurs
  A crocodile (Sewer)
  2 big kobolds
  4 bullfrogs
  A gnoll sergeant (D:8)
  6 killer bees (D:8)
  2 crimson imps
  A centaur zombie (D:8)
  5 hounds
  18 orc wizards
  Crazy Yiuf (D:4)
  10 orc priests
  A jelly (D:5)
  A centaur skeleton (D:7)
  A bullfrog skeleton (D:8)
  A gnoll shaman (D:7)
  4 worker ants
  4 hound skeletons
  A howler monkey zombie (D:5)
  7 gnolls
  7 adders
  2 shadow imps (D:9)
  3 oozes
  2 adder skeletons (D:6)
  6 worms
  A dart slug (D:5)
  7 leopard geckos
  42 orcs
  13 giant cockroaches
  7 goblins
  10 hobgoblins
  8 jackals
  2 quokkas
  2 ball pythons (D:2)
  15 bats
  8 frilled lizards
  20 kobolds
  A leopard gecko zombie (D:5)
  A quokka zombie (D:9)
  4 rats
262 creatures vanquished.

Vanquished Creatures (others)
  A two-headed ogre (D:8)
1 creature vanquished.

Grand Total: 263 creatures vanquished

Notes
Turn   | Place    | Note
-------+----------+-------------------------------------------
     0 | Abyss:1  | Gaball the Demonspawn Abyssal Knight began the quest for the Orb.
     0 | Abyss:1  | Reached XP level 1. HP: 18/18 MP: 2/2
    59 | Abyss:3  | Noticed a lindwurm
    62 | Abyss:3  | Noticed an eye of devastation
    62 | Abyss:3  | a lindwurm changed into an eye of devastation
    63 | Abyss:3  | Noticed a mana viper
    63 | Abyss:3  | an eye of devastation changed into a mana viper
    68 | Abyss:3  | Noticed a starcursed mass
    74 | Abyss:3  | Noticed a small abomination
    86 | D:1      | Escaped the Abyss
   109 | D:1      | Reached skill level 2 in Long Blades
   267 | D:1      | Reached * piety under Lugonu
   275 | D:1      | Gained mutation: You have large cloven feet. [demonic ancestry]
   275 | D:1      | Reached XP level 2. HP: 7/24 MP: 3/3
   662 | D:1      | Reached skill level 3 in Long Blades
  1150 | D:2      | Reached XP level 3. HP: 26/29 MP: 4/4
  1254 | D:2      | Reached ** piety under Lugonu
  1427 | D:2      | Found a faded altar of an unknown god.
  1567 | D:2      | Noticed Sigmund
  1573 | D:2      | Killed Sigmund
  1573 | D:2      | Reached skill level 5 in Long Blades
  1573 | D:2      | Reached XP level 4. HP: 35/35 MP: 5/5
  1573 | D:2      | Gained mutation: You are partially covered in icy blue scales. (AC +2) [demonic ancestry]
  1573 | D:2      | Reached XP level 5. HP: 41/41 MP: 6/6
  1597 | D:2      | Noticed an ogre
  1791 | D:2      | Killed an ogre
  1791 | D:2      | Gained mutation: You are mostly covered in icy blue scales. (AC +3) [demonic ancestry]
  1791 | D:2      | Reached XP level 6. HP: 41/47 MP: 7/7
  2134 | D:3      | Found a stormy altar of Qazlal.
  2238 | D:3      | Reached skill level 6 in Long Blades
  2588 | D:3      | Reached *** piety under Lugonu
  2594 | D:3      | Found a glowing drain.
  2598 | Sewer    | Entered a sewer
  2838 | D:3      | Found a white marble altar of Elyvilon.
  2901 | D:3      | Found a basalt altar of Yredelemnul.
  3088 | D:4      | Found a glowing golden altar of the Shining One.
  3102 | D:4      | Reached skill level 7 in Long Blades
  3102 | D:4      | Gained mutation: You sometimes gain a little power by taking damage. [demonic ancestry]
  3102 | D:4      | Reached XP level 7. HP: 47/52 MP: 8/8
  3458 | D:4      | Found a runed door.
  3868 | D:4      | Noticed Crazy Yiuf
  3871 | D:4      | Killed Crazy Yiuf
  3947 | D:5      | Entered Level 5 of the Dungeon
  3984 | D:5      | Noticed a two-headed ogre
  4048 | D:5      | Got an ominously black robe
  4059 | D:5      | Identified the +2 robe of the Kraken {rC+ Str-4 Dex+3} (You found it on level 5 of the Dungeon)
  4323 | D:5      | Reached skill level 8 in Long Blades
  4639 | D:6      | Found an opulent altar of Gozag.
  4694 | D:6      | Reached **** piety under Lugonu
  4732 | D:6      | Found a staircase to the Ecumenical Temple.
  4810 | D:6      | Found the cursed necklace of Bloodlust {*Rage +Rage MR++ Int-3 Slay+6 *Curse}
  5018 | D:6      | Reached XP level 8. HP: 58/58 MP: 9/9
  5074 | D:6      | Reached skill level 9 in Long Blades
  5626 | D:7      | Reached skill level 10 in Long Blades
  5628 | D:7      | Got a twisted ring mail
  5639 | D:7      | Identified the +2 ring mail of Patterns {rN+ Regen+ Dex+2 Slay+2} (You found it on level 7 of the Dungeon)
  6310 | D:8      | Gained mutation: You are immune to rotting. [demonic ancestry]
  6310 | D:8      | Reached XP level 9. HP: 64/64 MP: 11/11
  6314 | D:8      | Noticed Amnesiac's ghost (novice OpTm)
  6705 | D:8      | Noticed Joseph
  6712 | D:8      | Killed Joseph
  6723 | D:8      | Reached ***** piety under Lugonu
  6762 | D:8      | Reached skill level 5 in Invocations
  6898 | D:8      | Killed Amnesiac's ghost
  6898 | D:8      | Reached skill level 5 in Fighting
  6898 | D:8      | Reached skill level 11 in Long Blades
  6937 | D:8      | Found a white marble altar of Elyvilon.
  7040 | D:8      | Noticed a two-headed ogre
  7041 | D:8      | Banished a two-headed ogre
  7041 | D:8      | Gained mutation: You may emit foul miasma when damaged in melee. [demonic ancestry]
  7041 | D:8      | Reached XP level 10. HP: 74/74 MP: 14/14
  7173 | D:9      | Found an ancient bone altar of Kikubaaqudgha.
  7174 | D:9      | Found a blossoming altar of Fedhas.
  7460 | D:9      | Found a staircase to the Orcish Mines.
  7554 | D:9      | Reached skill level 5 in Armour
  7754 | D:9      | Found a bloodstained altar of Trog.
  7754 | D:9      | Found a deep blue altar of Sif Muna.
  8288 | Orc:1    | Entered Level 1 of the Orcish Mines
  8357 | Orc:1    | Found Set Yrop's Antique Armour Boutique.
  8365 | Orc:1    | Bought a scorched chain mail for 332 gold pieces
  8375 | Orc:1    | Identified the +4 chain mail "Xumeer Ducwe" {rPois rF+ rC-} (You bought it in a shop on level 1 of the Orcish Mines)
  8415 | Orc:1    | Found a roughly hewn altar of Beogh.
  8576 | Orc:1    | Noticed an ettin
  8629 | Orc:1    | Killed an ettin
  8906 | Orc:1    | Found a roughly hewn altar of Beogh.
  8942 | Orc:2    | Entered Level 2 of the Orcish Mines
  8948 | Orc:2    | Noticed Amnesiac's ghost (journeyman DrTm)
  8956 | Orc:2    | Found an ancient bone altar of Kikubaaqudgha.
  8956 | Orc:2    | Noticed an orc sorcerer
  8956 | Orc:2    | Noticed an orc sorcerer
  8957 | Orc:2    | Noticed an orc sorcerer
  8957 | Orc:2    | Noticed an ogre mage
  8959 | Orc:2    | Noticed a smoke demon
  8960 | Orc:2    | Found Oriuxygi's Gadget Shop.
  8960 | Orc:2    | Found a roughly hewn altar of Beogh.
  8963 | Orc:2    | Noticed an orc sorcerer
  8972 | Orc:2    | Noticed an orc high priest
  8974 | Orc:2    | Noticed an orc knight
  8997 | Orc:2    | Found a staircase to the Elven Halls.
  9004 | Orc:2    | Noticed Maurice
  9052 | Orc:2    | Found Cinlod's Antique Weapon Shop.
  9058 | Orc:2    | Noticed an orange demon
  9065 | Orc:2    | Slain by Amnesiac's ghost

Vault maps used:
D:1:      dpeg_arrival_chase, minmay_stone_trees_medium, minmay_tetromino_i2
D:2:      chequers_ecumenical_altar_simple, uniq_sigmund
D:3:      kennysheep_ying_yang, overflow_temple_1_default,
          gup_sewer_entry_spiral, hangedman_feature_mirror
D:4:      tso_oasis_becter, uniq_crazy_yiuf_cottage
D:5:      first_ration, lightli_corner_chamber
D:6:      nicolae_gozag_cash_rules_everything_around_me,
          minmay_temple_entry_oklob
D:7:      serial_glass, glass_columns_c, glass_columns_a
D:8:      basic_altar, uniq_joseph
D:9:      grunt_temple_overflow_growth_and_decay,
          gammafunk_temple_overflow_elements, erik_orc_1
Orc:1:    serial_shops, shop, basic_altar, nicolae_orc_lost_temple
Orc:2:    kennysheep_orc_mage_school, basic_altar, uniq_maurice, uniq_donald
Abyss:2:  hangedman_abyss_or_decor_clamps, abyss_greek_temple
Sewer:    sewer_big_baddie

Skill      XL: |  1  2  3  4  5  6  7  8  9 10 |
---------------+-------------------------------+-----
Long Blades    | 2 3 5 7 8 10 11 | 11.8
Armour         | 2 4 6 |  6.0
Invocations    | 3 6 8 |  8.2
Fighting       | 5 7 |  7.0
Dodging        | |  0.8

Action                   |  1- 3 |  4- 6 |  7- 9 | 10-12 || total
-------------------------+-------+-------+-------+-------++-------
Melee: Falchion          |    85 |   140 |   321 |   140 ||   686
       Kick              |    16 |    51 |   105 |    41 ||   213
Invok: Depart the Abyss  |     1 |       |       |       ||     1
       Banish            |       |       |       |     1 ||     1
Evoke: Wand              |     2 |     5 |    13 |     1 ||    21
  Use: Scroll            |       |       |     1 |     6 ||     7
       Potion            |       |       |       |     2 ||     2
 Stab: Paralysed         |       |       |       |     4 ||     4
  Eat: Chunk             |     2 |     5 |     6 |     3 ||    16
       Ration            |       |       |     3 |     1 ||     4
Armor: Leather armour    |    36 |     5 |       |       ||    41
       Chain mail        |       |    89 |    74 |       ||   163
       Plate armour      |       |       |    61 |       ||    61
       Skin              |       |       |     5 |       ||     5
       Ring mail         |       |       |    47 |    80 ||   127
Dodge: Dodged            |    49 |    57 |    91 |    56 ||   253
       Rpst.: Falchion   |    17 |    25 |    40 |    18 ||   100

Table legend:
 A = Spawn XP
 B = Non-spawn XP
 C = Spawn XP percentage of total XP
 D = Spawn monster count
 E = Non-spawn monster count
 F = Spawn count percentage of total count
 G = Total turns spent on level
                    A         B        C        D         E        F      G
               +---------+---------+-------+---------+---------+-------+---------
         Total |       0 |   10472 |   0.0 |       0 |     263 |   0.0 |  9065
               +---------+---------+-------+---------+---------+-------+---------
           D:1 |       0 |      39 |   0.0 |       0 |      24 |   0.0 |  1110
           D:2 |       0 |     380 |   0.0 |       0 |      23 |   0.0 |   891
           D:3 |       0 |     167 |   0.0 |       0 |      30 |   0.0 |   891
           D:4 |       0 |     239 |   0.0 |       0 |      14 |   0.0 |   881
           D:5 |       0 |     287 |   0.0 |       0 |      18 |   0.0 |   651
           D:6 |       0 |     404 |   0.0 |       0 |      18 |   0.0 |   782
           D:7 |       0 |    1081 |   0.0 |       0 |      27 |   0.0 |  1019
           D:8 |       0 |    2974 |   0.0 |       0 |      30 |   0.0 |   849
           D:9 |       0 |    1938 |   0.0 |       0 |      34 |   0.0 |  1040
         Orc:1 |       0 |    2679 |   0.0 |       0 |      30 |   0.0 |   654
         Orc:2 |       0 |     173 |   0.0 |       0 |       9 |   0.0 |   123
         Sewer |       0 |     111 |   0.0 |       0 |       6 |   0.0 |    88
               +---------+---------+-------+---------+---------+-------+---------
